 Dungeon Crawl Stone Soup version 0.30-a0-782-ge64f9170bb (webtiles) character file.

Game seed: 1441820622191180455

57759 Frostiness the Tainter (level 14, -1/96 HPs)
             Began as a Demonspawn Venom Mage on Feb 22, 2023.
             Slain by a gargoyle
             ... wielding a +1 flail of pain
              (2 damage)
             ... on level 12 of the Dungeon on Feb 23, 2023.
             The game lasted 01:47:38 (19452 turns).

Frostiness the Tainter (Demonspawn Venom Mage)     Turns: 19452, Time: 01:47:38

Health: -1/96      AC: 16    Str: 10    XL:     14   Next: 46%
Magic:  30/30      EV: 12    Int: 20    God:
Gold:   258        SH:  6    Dex: 19    Spells: 11/37 levels left

rFire   + . .      SeeInvis +    G - +9 lance "Wyrmbane" {slay drac, rPois rF+ rC+ AC+3}
rCold   + + +      Faith    .    (no shield)
rNeg    . . .      Spirit   .    m - +2 ring mail of the Meadowlark {Fly rPois rC+++ Will-}
rPois   +          Reflect  .    C - +2 hat
rElec   +          Harm     .    e - +0 cloak of Gyxicod {*Slow rElec Str+3 Stlth+}
rCorr   +          Rampage  .    (no gloves)
Will    .....                    D - +2 pair of boots
Stlth   +++++                    p - amulet of magic regeneration
HPRegen 0.36/turn                L - +6 ring of dexterity
MPRegen 0.62/turn                B - ring of Moodiness {Fly rCorr Str-4 SInv Stlth+}

@: about to teleport, flying
A: horns 1, large bone plates 2, demonic guardian 2, demonic magic 3
a: no special abilities


You were on level 12 of the Dungeon.
You visited 4 branches of the dungeon, and saw 18 of its levels.
You also visited: Bailey.

You collected 1653 gold pieces.
You spent 1395 gold pieces at shops.

Inventory:

Hand Weapons
 G - the +9 lance "Wyrmbane" (weapon) {slay drac, rPois rF+ rC+ AC+3}
   (You took it off Maggie on level 7 of the Dungeon)

   AC:        It affects your AC (+3).
   rF:        It protects you from fire.
   rC:        It protects you from cold.
   rPois:     It protects you from poison.
 R - a +8 trident of freezing
Missiles
 O - 5 throwing nets
Armour
 e - the +0 cloak of Gyxicod (worn) {*Slow rElec Str+3 Stlth+}
   (You found it on level 4 of the Dungeon)

   Str:       It affects your strength (+3).
   rElec:     It insulates you from electricity.
   *Slow:     It may slow you when you take damage.
   Stlth:     It makes you more stealthy.
 m - the +2 ring mail of the Meadowlark (worn) {Fly rPois rC+++ Will-}
   (You bought it in a shop on level 2 of the Orcish Mines)

   rC:        It renders you almost immune to cold.
   rPois:     It protects you from poison.
   Fly:       It grants you flight.
   Will:      It decreases your willpower.
 t - a +2 robe of positive energy
 C - a +2 hat (worn)
 D - a +2 pair of boots (worn)
 P - a +2 robe of willpower
Magical Staves
 s - a staff of poison
Jewellery
 a - an amulet of faith
 k - a ring of positive energy
 p - an amulet of magic regeneration (around neck)
 z - a +4 ring of slaying
 A - a ring of poison resistance
 B - the ring of Moodiness (right hand) {Fly rCorr Str-4 SInv Stlth+}
   (You found it on level 5 of the Dungeon)

   [ring of flight]

   Str:       It affects your strength (-4).
   SInv:      It lets you see invisible.
   Fly:       It grants you flight.
   rCorr:     It protects you from acid and corrosion.
   Stlth:     It makes you more stealthy.
 F - a ring of willpower
 L - a +6 ring of dexterity (left hand)
Wands
 v - a wand of iceblast (13)
 y - a wand of light (16)
 M - a wand of mindburst (19)
Scrolls
 b - 6 scrolls of teleportation
 d - a scroll of fog
 g - 2 scrolls of poison
 h - 2 scrolls of enchant weapon
 l - 2 scrolls of enchant armour
 u - 5 scrolls of amnesia
 w - a scroll of identify
 x - a scroll of magic mapping
 Q - a scroll of silence
Potions
 c - a potion of haste
 f - a potion of lignification
 j - a potion of degeneration {unknown}
 n - 3 potions of flight
 o - a potion of resistance {unknown}
 q - 2 potions of brilliance {unknown}
 r - a potion of cancellation {unknown}
 H - 3 potions of mutation {unknown}
 I - 4 potions of might
Miscellaneous
 i - a phial of floods (quivered)


   Skills:
 - Level 4.4 Fighting
 - Level 2.2 Short Blades
 - Level 0.3 Maces & Flails
 * Level 6.9 Polearms
 - Level 2.6 Armour
 + Level 4.8 Dodging
 + Level 7.3 Stealth
 + Level 4.0 Shields
 + Level 12.0 Spellcasting
 + Level 3.5 Conjurations
 + Level 0.2 Summonings
 + Level 4.3 Transmutations
 + Level 8.0 Air Magic
 + Level 12.2 Poison Magic


You had 11 spell levels left.
You knew the following spells:

 Your Spells              Type           Power      Damage    Failure   Level
a - Sting                 Tmut/Pois      100%       1d8       1%          1
b - Poisonous Vapours     Pois/Air       100%       N/A       1%          2
c - Olgreb's Toxic Radia  Pois           57%        N/A       1%          4
d - Searing Ray           Conj           52%        2d6       4%          2
e - Airstrike             Air            22%        2d(4-20)  4%          4
f - Swiftness             Air            44%        N/A       1%          3
g - Wereblood             Tmut           29%        N/A       3%          2
h - Beastly Appendage     Tmut           58%        N/A       2%          1
i - Spider Form           Tmut/Pois      45%        N/A       1%          3
j - Summon Small Mammal   Summ           48%        N/A       13%         1
k - Call Canine Familiar  Summ           12%        N/A       36%         3

Your spell library contained the following spells:

 Spells                   Type           Power      Damage    Failure   Level
 Shock                    Conj/Air       100%       1d9       1%          1
 Mephitic Cloud           Conj/Pois/Air  43%        N/A       1%          3
 Magic Dart               Conj           100%       1d8       3%          1
 Summon Guardian Golem    Hex/Summ       12%        N/A       36%         3
 Gell's Gravitas          Tloc           12%        N/A       38%         3
 Teleport Other           Tloc           12%        N/A       38%         3
 Fulminant Prism          Conj/Hex       9%         3d7       54%         4
 Dispersal                Tloc           6%         N/A       100%        6
 Chain Lightning          Conj/Air       17%        3d23      100%        9
 Fire Storm               Conj/Fire      9%         8d3       100%        9
 Shatter                  Erth           6%         3d9*      100%        9


Dungeon Overview and Level Annotations

Branches:
Dungeon (13/15)            Temple (1/1) D:4            Lair (2/5) D:9
    Orc (2/2) D:9             Elf (0/3) Orc:2        Bailey (visited)
  Swamp: Lair:2-3    Shoals: Lair:2-3     Snake: Lair:2-3    Spider: Lair:2-3
 Vaults: D:13-14

Altars:
Ashenzari
Makhleb
Nemelex Xobeh
Qazlal
Sif Muna
Uskayaw
Vehumet
Wu Jian
Xom

Shops:
D:3 [   Orc:2 !**[

Portals:
Abyss: D:6

Annotations:
D:2 Terence
D:6 2 transporters, toympanos's ghost, novice HuFi
D:11 1 runed translucent door, anet's ghost, journeyman GnBr
D:12 Snorg


Innate Abilities, Weirdness & Mutations

You have a pair of small horns on your head.
You are mostly covered in large bone plates. (SH +6)
A demonic guardian rushes to your aid.
Spells you cast and wands you use may paralyse nearby enemies.


Message History

Your shadow flickers and vanishes for a moment.
Your orc wizard hits the slime creature with a +0 dagger of protection.
Casting: Wereblood (safe; 3% risk of failure)
Confirm with . or Enter, or press ? or * to list all spells.
Really poison near your orcs, orc priest, orc wizard and manticore?
Okay, then.
A gargoyle comes into view. It is wielding a +1 flail of pain.
The yak attacks as you move away! The yak gores you but does no damage.
The yak attacks as you move away! You block the yak's attack.
Your orc priest barely misses the yak.
The yak attacks as you move away! The yak barely misses you.
You block the yak's attack. The yak attacks as you move away!
The yak gores you.
* * * LOW HITPOINT WARNING * * *
The gargoyle hits you with a +1 flail of pain.
* * * LOW HITPOINT WARNING * * *
A demonic guardian appears!
You writhe in agony.
* * * LOW HITPOINT WARNING * * *
The yak gores your orc!
Your orc dies!
Your orc's corpse dissolves into shadows!
The gargoyle attacks as you move away! The gargoyle misses you.
The yak attacks as you move away! The yak closely misses you.
Your soul eater hits the yak!!
A troll comes into view.
Snorg the Insatiable comes into view.
Snorg bites your soul eater but does no damage.
Snorg claws your soul eater.
Snorg claws your soul eater but does no damage.
Your soul eater hits Snorg.
The gargoyle attacks as you move away! The gargoyle barely misses you.
Snorg bites your soul eater but does no damage.
Snorg claws your soul eater but does no damage.
Snorg claws your soul eater!
Your soul eater closely misses Snorg.
As you read the scroll of teleportation, it crumbles to dust.
You feel strangely unstable. Snorg barely misses your soul eater.
Snorg claws your soul eater! x2
The gargoyle hits you with a +1 flail of pain!
* * * LOW HITPOINT WARNING * * *
You writhe in agony.
You die...

.. #.# ## .. # ##
.. #. #
#..#.##..#.## #.#
#.T3.##T.. #
...#.##..#.# .#
#..##.#Y.##.#
###.Y.Y##9@..#
#..##.#..##.#..#
##..#Y##..# ## #
#...o.####.#
#.o#### #.# #J.#
#.# #.o# #.# #oW#
##.##
#JO######...#######


You could see Snorg (berserk, distracted, ally target), a yak, a troll, a
gargoyle and a friendly soul eater (summoned).

Vanquished Creatures
  An orc warlord (Bailey)
  Harold (D:11)
  4 ogre magi (Orc:2)
  14 two-headed ogres
  An orc high priest (Orc:2)
  6 death yaks (Lair:1)
  2 orc sorcerers
  A cyclops (D:11)
  A torpor snail (Lair:1)
  Maurice (D:8)
  2 black mambas (Lair:1)
  4 cane toads
  An unseen horror (D:11)
  3 kobold demonologists
  3 rime drakes (Lair:1)
  4 komodo dragons (Lair:1)
  4 trolls
  A wyvern (D:8)
  A shadow (D:11)
  2 vampires
  11 yaks
  A wraith (D:11)
  A steam dragon (D:8)
  6 vampire mosquitoes
  2 wargs
  2 water moccasins
  19 orc warriors
  An ice beast (D:5)
  A sky beast (D:7)
  4 black bears
  26 ogres
  3 wolves (Lair:1)
  2 centaurs
  A phantom (D:5)
  Blork the orc (D:5)
  10 bullfrogs
  4 scorpions
  7 wights
  6 killer bees (D:8)
  3 jellies
  4 howler monkeys
  A nameless horror (D:11)
  A gnoll bouda (Orc:2)
  5 hounds
  20 orc priests
  3 iguanas
  23 orc wizards
  7 gnolls
  9 adders
  A white imp (D:7)
  An ufetubus (D:6)
  A dart slug (D:4)
  91 orcs
  4 endoplasms
  12 giant cockroaches
  17 goblins
  6 hobgoblins
  6 jackals
  6 quokkas
  2 ball pythons
  3 bats
  4 frilled lizards
  18 kobolds
  6 rats
419 creatures vanquished.

Vanquished Creatures (collateral kills)
  A two-headed ogre (Orc:2)
  2 cane toads (Lair:1)
  Maggie (D:7)
  A slime creature (D:12)
  A warg (Orc:2)
  A water moccasin (Lair:1)
  A centaur (D:6)
  A wolf (Lair:1)
  A jelly (D:4)
  An orc priest (D:6)
  A gnoll (D:4)
  A white imp (D:6)
  An orc (D:6)
  A kobold (D:2)
15 creatures vanquished.

Vanquished Creatures (others)
  5 fungi (Lair:1)
  20 plants (Lair:1)
25 creatures vanquished.

Grand Total: 459 creatures vanquished

Notes
Turn   | Place    | Note
-------+----------+-------------------------------------------
     0 | D:1      | Frostiness the Demonspawn Venom Mage began the quest for
                  | the Orb.
     0 | D:1      | Reached XP level 1. HP: 13/13 MP: 3/3
   199 | D:1      | Reached skill level 1 in Transmutations
   324 | D:1      | Gained mutation: A weak demonic guardian rushes to your
                  | aid. [demonic ancestry]
   324 | D:1      | Reached XP level 2. HP: 19/19 MP: 3/5
   327 | D:1      | Learned a level 2 spell: Poisonous Vapours
  1689 | D:2      | Gained mutation: A demonic guardian rushes to your aid.
                  | [demonic ancestry]
  1689 | D:2      | Reached XP level 3. HP: 24/24 MP: 4/6
  1925 | D:2      | Found a sparkling altar of Nemelex Xobeh.
  1930 | D:2      | You fall into a shaft and drop 1 floor!
  1999 | D:3      | Found Yfecsis's Armour Boutique.
  2102 | D:3      | Gained mutation: You have a pair of small horns on your
                  | head. [demonic ancestry]
  2102 | D:3      | Reached XP level 4. HP: 16/31 MP: 1/7
  2429 | D:2      | Noticed Terence
  3123 | D:3      | Reached XP level 5. HP: 36/36 MP: 2/9
  4088 | D:4      | Noticed a black bear
  4236 | D:3      | Learned a level 4 spell: Olgreb's Toxic Radiance
  4239 | D:3      | Learned a level 2 spell: Searing Ray
  4253 | D:3      | Killed a black bear
  4254 | D:3      | Reached skill level 1 in Air Magic
  4254 | D:3      | Gained mutation: You are partially covered in large bone
                  | plates. (SH +4) [demonic ancestry]
  4254 | D:3      | Reached XP level 6. HP: 33/42 MP: 7/11
  4307 | D:4      | Reached skill level 1 in Fighting
  4823 | D:4      | Identified the +0 cloak of Gyxicod {*Slow rElec Str+3
                  | Stlth+}
  5537 | D:4      | Gained mutation: Spells you cast may paralyse adjacent
                  | enemies. [demonic ancestry]
  5537 | D:4      | Reached XP level 7. HP: 48/48 MP: 3/12
  5791 | D:4      | Found a staircase to the Ecumenical Temple.
  5797 | Temple   | Entered the Ecumenical Temple
  5829 | D:5      | Entered Level 5 of the Dungeon
  5895 | D:5      | Learned a level 4 spell: Airstrike
  5944 | D:5      | Noticed Blork the orc
  5955 | D:5      | Killed Blork the orc
  5956 | D:5      | Reached skill level 5 in Poison Magic
  6787 | D:5      | Reached skill level 1 in Conjurations
  6791 | D:5      | Reached skill level 1 in Short Blades
  6838 | D:5      | Gained mutation: Spells you cast may paralyse nearby
                  | enemies. [demonic ancestry]
  6838 | D:5      | Reached XP level 8. HP: 36/54 MP: 2/15
  6979 | D:5      | Identified the ring of Moodiness {Fly rCorr Str-4 SInv
                  | Stlth+}
  7914 | D:6      | Reached skill level 5 in Spellcasting
  8250 | D:6      | Found a transporter.
  8281 | D:6      | Found a transporter.
  8285 | D:6      | Found a one-way gate to the infinite horrors of the Abyss.
  8285 | D:6      | Noticed toympanos's ghost (novice HuFi)
  8373 | D:6      | Noticed a wizard
  8891 | D:7      | Noticed Maggie
  8903 | D:7      | Killed Maggie
  8988 | D:7      | Gained mutation: Spells you cast and wands you use may
                  | paralyse nearby enemies. [demonic ancestry]
  8988 | D:7      | Reached XP level 9. HP: 62/62 MP: 11/17
  9275 | D:7      | Found a flagged portal.
  9285 | Bailey   | Entered a bailey
  9290 | Bailey   | Noticed an orc warlord
  9585 | Bailey   | Noticed an orc knight
  9610 | Bailey   | Found a runed translucent gate.
  9612 | Bailey   | Found a runed translucent gate.
  9655 | Bailey   | Found a runed translucent gate.
  9894 | Bailey   | Killed an orc warlord
  9895 | Bailey   | Reached skill level 5 in Air Magic
 10404 | D:8      | Reached skill level 1 in Shields
 10586 | D:8      | Found an ornate altar of the Wu Jian Council.
 10739 | D:8      | Reached skill level 1 in Polearms
 10739 | D:8      | Reached XP level 10. HP: 68/68 MP: 17/21
 11274 | D:8      | Noticed Maurice
 11287 | D:8      | Killed Maurice
 11306 | D:8      | Found a shimmering blue altar of Sif Muna.
 11811 | D:9      | Reached skill level 5 in Stealth
 11880 | D:9      | Found a staircase to the Orcish Mines.
 12142 | D:9      | Found a staircase to the Lair.
 12148 | D:9      | Found a hide-covered altar of Uskayaw.
 12574 | D:10     | Entered Level 10 of the Dungeon
 12618 | D:10     | Noticed a sun demon
 12906 | D:10     | Identified the +9 flail "Jevisaot" {pain, *Corrode Dex+3
                  | Stlth+}
 13014 | D:10     | Gained mutation: You are mostly covered in large bone
                  | plates. (SH +6) [demonic ancestry]
 13014 | D:10     | Reached XP level 11. HP: 74/74 MP: 19/23
 13333 | Orc:1    | Entered Level 1 of the Orcish Mines
 13420 | Orc:1    | Noticed an orc sorcerer
 13427 | Orc:1    | Killed an orc sorcerer
 13748 | Orc:2    | Entered Level 2 of the Orcish Mines
 13748 | Orc:2    | Found a staircase to the Elven Halls.
 13999 | Orc:2    | Noticed a two-headed ogre
 13999 | Orc:2    | Noticed a two-headed ogre
 13999 | Orc:2    | Noticed a two-headed ogre
 13999 | Orc:2    | Noticed a two-headed ogre
 13999 | Orc:2    | Noticed a two-headed ogre
 13999 | Orc:2    | Noticed a two-headed ogre
 14000 | Orc:2    | Noticed a two-headed ogre
 14001 | Orc:2    | Noticed an ogre mage
 14001 | Orc:2    | Noticed an ogre mage
 14014 | Orc:2    | Noticed a two-headed ogre
 14019 | Orc:2    | Killed a two-headed ogre
 14020 | Orc:2    | Killed a two-headed ogre
 14020 | Orc:2    | Noticed a two-headed ogre
 14021 | Orc:2    | Reached skill level 10 in Poison Magic
 14022 | Orc:2    | Killed a two-headed ogre
 14022 | Orc:2    | Killed a two-headed ogre
 14580 | D:11     | Found a runed translucent door.
 14609 | D:11     | Noticed anet's ghost (journeyman GnBr)
 14611 | D:11     | Noticed a centaur warrior
 14657 | D:11     | Reached skill level 10 in Spellcasting
 15030 | D:11     | Noticed Harold
 15044 | D:11     | Killed Harold
 15045 | D:11     | Reached XP level 12. HP: 67/83 MP: 11/26
 15399 | Lair:1   | Entered Level 1 of the Lair of Beasts
 15582 | Lair:1   | Noticed a death yak
 15583 | Lair:1   | Noticed a death yak
 15583 | Lair:1   | Noticed a death yak
 15596 | Lair:1   | Killed a death yak
 15600 | Lair:1   | Killed a death yak
 15695 | Lair:1   | Reached skill level 5 in Polearms
 15943 | Lair:1   | Noticed a death yak
 15943 | Lair:1   | Noticed a death yak
 15944 | Lair:1   | Noticed a death yak
 15961 | Lair:1   | Killed a death yak
 15968 | Lair:1   | Killed a death yak
 15972 | Lair:1   | Killed a death yak
 15976 | Lair:1   | Killed a death yak
 17254 | Orc:1    | Killed a two-headed ogre
 17296 | Orc:2    | Killed an ogre mage
 17297 | Orc:2    | Reached XP level 13. HP: 90/90 MP: 17/28
 17392 | Orc:2    | Reached skill level 1 in Armour
 17500 | Orc:2    | Reached XP level 14. HP: 96/96 MP: 1/29
 18250 | Orc:2    | Found Gawaenisch's Antique Armour Shop.
 18250 | Orc:2    | Found Diupoq's General Store.
 18251 | Orc:2    | Found Taclis's Assorted Antiques.
 18251 | Orc:2    | Found Deliod's Distillery.
 18262 | Orc:2    | Bought a dazzling ring mail for 315 gold pieces
 18262 | Orc:2    | Identified the +2 ring mail of the Meadowlark {Fly rPois
                  | rC+++ Will-} (You bought it in a shop on level 2 of the
                  | Orcish Mines)
 18276 | Orc:2    | Learned a level 3 spell: Swiftness
 18279 | Orc:2    | Learned a level 2 spell: Wereblood
 18280 | Orc:2    | Bought a book of Annihilations for 1080 gold pieces
 19118 | D:11     | Learned a level 1 spell: Beastly Appendage
 19123 | D:11     | Learned a level 3 spell: Spider Form
 19127 | D:11     | Learned a level 1 spell: Summon Small Mammal
 19131 | D:11     | Learned a level 3 spell: Call Canine Familiar
 19450 | D:12     | Noticed Snorg
 19452 | D:12     | HP: 1/96 [gargoyle/+1 flail of pain (17)]
 19452 | D:12     | Slain by a gargoyle

Illustrated notes

Levels and vault maps discovered:
D:1:      minmay_arrival_split_and_join, layout_loops_corners,
          minmay_misc_feat_diagonals
D:2:      layout_rooms, basic_altar, uniq_terence
D:3:      minmay_roachtagon, layout_basic, serial_shops,
          nicolae_shop_behind_doors, st_stairs_3
D:4:      layout_cave_pods, minmay_temple_entry_enclosed_plants,
          minmay_misc_feat_tower
D:5:      layout_basic, kennysheep_generic_room_9, uniq_blork_the_orc
D:6:      layout_loops_cross, gammafunk_ghost_abyssal_escape, nrook_mini_vaults
D:7:      layout_loops_cross, enter_bailey_5, uniq_maggie
D:8:      layout_loops_cross, nzn_wu_jian_contemplation,
          lemuel_coloured_pillars_altar, uniq_maurice
D:9:      layout_loops_cross, nicolae_overflow_crystal_walls, lair_entry_dummy,
          hiddenorc2_lemuel
D:10:     layout_roguey, hangedman_decor_clover_reticule
D:11:     layout_roguey, ebering_ghost_inner_flame, uniq_harold
D:12:     layout_loops_ring, nicolae_eternal_life, uniq_snorg, uniq_lodul
D:13:     layout_long_grid, david_vaults_4, uniq_erolcha, uniq_rupert
Temple:   compressed_dpeg_triangle_lava_temple
Lair:1:   layout_gridlike, grunt_megastairs_4
Lair:2:   layout_layer_cave, nicolae_lair_grazing_beasts
          [nicolae_sub_lair_graze_edge, nicolae_sub_lair_graze_edge,
          nicolae_sub_lair_graze_edge, nicolae_sub_lair_graze_edge],
          grunt_megastairs_5
Orc:1:    layout_diamond_mine
Orc:2:    st_orc_ogre_mass, layout_caves, gauntlet_entry_generic

Skill      XL: |  1  2  3  4  5  6  7  8  9 10 11 12 13 14 |
---------------+-------------------------------------------+-----
Transmutations | 1 2 3 4 |  4.3
Dodging        | 2 3 4 |  4.8
Stealth        | 2 3 4 5 6 7 |  7.3
Poison Magic   | 4 5 6 8 9 10 11 12 | 12.2
Spellcasting   | 3 4 5 7 8 10 11 12 | 12.0
Air Magic      | 1 2 3 4 5 6 7 8 |  8.0
Fighting       | 1 2 3 4 |  4.4
Conjurations   | 1 3 |  3.5
Short Blades   | 1 2 |  2.2
Shields        | 1 2 3 4 |  4.0
Polearms       | 1 3 4 5 6 |  6.9
Armour         | 1 2 |  2.6
Maces & Flails | |  0.3
Summonings     | |  0.2

Action                     |  1- 3 |  4- 6 |  7- 9 | 10-12 | 13-15 || total
---------------------------+-------+-------+-------+-------+-------++-------
  Melee: Unarmed           |    19 |       |       |       |    36 ||    55
         Mace              |    13 |     2 |       |       |       ||    15
         Dagger            |       |    60 |    73 |       |       ||   133
         Headbutt          |       |    11 |    20 |    36 |     3 ||    70
         Punch             |       |     2 |     2 |     2 |       ||     6
         Lance             |       |       |    47 |   243 |    41 ||   331
   Cast: Sting             |    71 |    40 |    16 |    37 |     8 ||   172
         Poisonous Vapours |       |    66 |   107 |    50 |    40 ||   263
         Searing Ray       |       |     2 |     7 |    14 |     1 ||    24
         Olgreb's Toxic Ra |       |     1 |    15 |    89 |    12 ||   117
         Airstrike         |       |       |       |    35 |    49 ||    84
         Wereblood         |       |       |       |       |     3 ||     3
         Summon Small Mamm |       |       |       |       |     2 ||     2
         Beastly Appendage |       |       |       |       |     2 ||     2
         Swiftness         |       |       |       |       |     1 ||     1
         Spider Form       |       |       |       |       |     1 ||     1
         Call Canine Famil |       |       |       |       |     1 ||     1
    Use: Potion            |     3 |     2 |     5 |    14 |     2 ||    26
         Scroll            |       |       |     6 |    12 |     3 ||    21
   Stab: Paralysed         |       |       |    14 |    41 |     3 ||    58
         Sleeping          |       |       |     2 |     2 |       ||     4
         Distracted        |       |       |       |     2 |       ||     2
 Armour: Robe              |    14 |    25 |    32 |    53 |     2 ||   126
         Ring mail         |       |       |       |       |     3 ||     3
  Dodge: Dodged            |    29 |    57 |    58 |   118 |    54 ||   316
  Block: Other             |       |     7 |    17 |    51 |    16 ||    91

Table legend: (Time is in decaauts)
 A = Elapsed time spent in this place.
 B = Non-inter-level travel time spent in this place.
 C = Inter-level travel time spent in this place.
 D = Time resting spent in this place.
 E = Time spent auto-exploring this place.
 F = Levels seen in this place.
 G = Mean time per level.
                   A        B        C        D        E       F      G
               +--------+--------+--------+--------+--------+-----+--------+
         Total |  19384 |  17979 |   1405 |   3849 |  10874 |  19 | 1020.2 |
       Dungeon |  14405 |  13281 |   1124 |   2096 |   9040 |  13 | 1108.1 |
        Temple |      1 |      1 |      0 |      0 |      0 |   1 |    1.0 |
          Lair |   1586 |   1523 |     63 |    372 |    859 |   2 |  793.0 |
  Orcish Mines |   2747 |   2529 |    218 |   1159 |    822 |   2 | 1373.5 |
        Bailey |    643 |    643 |      0 |    221 |    153 |   1 |  643.0 |
               +--------+--------+--------+--------+--------+-----+--------+

Top non-repeatable levels by time:
     D:5: 1903 daAuts
     D:3: 1879 daAuts
   Orc:2: 1812 daAuts
     D:4: 1568 daAuts
  Lair:1: 1472 daAuts
     D:1: 1469 daAuts
     D:8: 1216 daAuts
    D:11: 1108 daAuts
     D:7: 1072 daAuts
     D:6: 1037 daAuts
     D:9: 1029 daAuts
   Orc:1: 934 daAuts
    D:10: 919 daAuts
     D:2: 900 daAuts
  Bailey: 643 daAuts
